MLB
SAN DIEGO PADRES @ ST. LOUIS CARDINALS
03/14/2020
 
TOP OF THE 1ST
San Diego Padres batting - Pitching for St. Louis Cardinals : RHP Lucas Giolito
Pitching: RHP Lucas Giolito
Batting: SHB Carlos Santana 0-0: Ball
1-0: Ball
2-0: Called Strike
2-1: Called Strike
2-2: Ball
3-2: Foul Ball, location: 2F
3-2: Foul Ball, location: 2F
3-2: Foul Ball, location: 2F
3-2: Foul Ball, location: 2F
3-2: Base on Balls
Batting: RHB Lorenzo Cain 0-0: Ball
1-0: Foul Ball, location: 2F
1-1: Foul Ball, location: 2F
1-2: Ball
2-2: Strikes out looking
Batting: RHB Jose Altuve 0-0: Ball
1-0: Foul Ball, location: 2F
1-1: SINGLE (Groundball, 6MD, EV 100.6 MPH)
Carlos Santana to second
Batting: SHB Victor Caratini 0-0: SINGLE (Groundball, 4D, EV 96.9 MPH)
Carlos Santana to third
Jose Altuve to second
Batting: SHB Johan Camargo 0-0: Ball
1-0: Called Strike
1-1: Ball
2-1: SINGLE (Line Drive, 3D, EV 98.1 MPH)
Carlos Santana scores
Jose Altuve to third
Victor Caratini to second
Batting: RHB Adam Duvall 0-0: Swinging Strike
0-1: Foul Ball, location: 2F
0-2: Ball
1-2: Foul Ball, location: 2F
1-2: Ball
2-2: Strikes out swinging
Batting: LHB Brian Goodwin 0-0: DOUBLE (Groundball, 5L, EV 102.5 MPH)
Jose Altuve scores
Victor Caratini scores
Johan Camargo to third
Runner from 3rd tries for Home, SAFE, throw by LF to home
Batting: RHB German Marquez 0-0: Ball
1-0: Called Strike
1-1: Ball
2-1: Swinging Strike
2-2: Ground out 1-3 (Groundball, 25, EV 87.5 MPH)
Top of the 1st over - 4 runs, 4 hits, 0 errors, 1 left on base; San Diego 4 - St. Louis 0
BOTTOM OF THE 1ST
St. Louis Cardinals batting - Pitching for San Diego Padres : RHP German Marquez
Pitching: RHP German Marquez
Batting: SHB Ozzie Albies 0-0: Foul Ball, location: 2F
0-1: Foul Ball, location: 2F
0-2: Foul Ball, location: 2F
0-2: Foul Ball, location: 2F
0-2: Strikes out swinging
Batting: LHB Austin Meadows 0-0: Fly out, F8 (Flyball, 78XD, EV 105.6 MPH)
Batting: LHB Juan Soto 0-0: Foul Ball, location: 2F
0-1: Ball
1-1: Foul Ball, location: 2F
1-2: Strikes out swinging
Bottom of the 1st over - 0 runs, 0 hits, 0 errors, 0 left on base; San Diego 4 - St. Louis 0
TOP OF THE 2ND
San Diego Padres batting - Pitching for St. Louis Cardinals : RHP Lucas Giolito
Batting: RHB Jose Iglesias 0-0: Foul Ball, location: 2F
0-1: Called Strike
0-2: Strikes out swinging
Batting: SHB Carlos Santana 0-0: Ball
1-0: Called Strike
1-1: Called Strike
1-2: Strikes out swinging
Batting: RHB Lorenzo Cain 0-0: Called Strike
0-1: Ball
1-1: Fly out, F8 (Flyball, 8LD, EV 76.3 MPH)
Top of the 2nd over - 0 runs, 0 hits, 0 errors, 0 left on base; San Diego 4 - St. Louis 0
BOTTOM OF THE 2ND
St. Louis Cardinals batting - Pitching for San Diego Padres : RHP German Marquez
Batting: LHB Matt Olson 0-0: Called Strike
0-1: Foul Ball, location: 2F
0-2: Fly out, F5 (Popup, 5F, EV 70.6 MPH)
Batting: SHB Yasmani Grandal 0-0: Ground out 4-3 (Groundball, 4, EV 80.6 MPH)
Batting: RHB Harrison Bader 0-0: Ball
1-0: Foul Ball, location: 2F
1-1: Foul Ball, location: 2F
1-2: Strikes out swinging
Bottom of the 2nd over - 0 runs, 0 hits, 0 errors, 0 left on base; San Diego 4 - St. Louis 0
TOP OF THE 3RD
San Diego Padres batting - Pitching for St. Louis Cardinals : RHP Lucas Giolito
Pitching: RHP Peter Lambert
Batting: RHB Jose Altuve 0-0: Foul Ball, location: 2F
0-1: Ball
1-1: Hit by Pitch
Batting: SHB Victor Caratini 0-0: Fly out, F8 (Flyball, 78M, EV 91.3 MPH)
Batting: SHB Johan Camargo 0-0: Called Strike
0-1: Foul Ball, location: 2F
0-2: Ball
1-2: Ball
2-2: Ball
3-2: Grounds into double play, 4-6-3 (Groundball, 4, EV 78.8 MPH)
Top of the 3rd over - 0 runs, 0 hits, 0 errors, 0 left on base; San Diego 4 - St. Louis 0
BOTTOM OF THE 3RD
St. Louis Cardinals batting - Pitching for San Diego Padres : RHP German Marquez
Batting: RHB Luis Urias 0-0: Foul Ball, location: 2F
0-1: Swinging Strike
0-2: Ball
1-2: Foul Ball, location: 2F
1-2: Strikes out looking
Batting: RHB Yu Chang 0-0: Ball
1-0: Fly out, F9 (Flyball, 9S, EV 76.3 MPH)
Batting: RHB Peter Lambert 0-0: Ball
1-0: Ground out 5-3 (Groundball, 56S, EV 87.5 MPH)
Bottom of the 3rd over - 0 runs, 0 hits, 0 errors, 0 left on base; San Diego 4 - St. Louis 0
TOP OF THE 4TH
San Diego Padres batting - Pitching for St. Louis Cardinals : RHP Peter Lambert
Batting: RHB Adam Duvall 0-0: Called Strike
0-1: Fly out, F6 (Line Drive, 6, EV 72.5 MPH)
Batting: LHB Brian Goodwin 0-0: Ball
1-0: Swinging Strike
1-1: Swinging Strike
1-2: Foul Ball, location: 2F
1-2: Ground out U3 (Groundball, 34, EV 86.3 MPH)
Batting: RHB German Marquez 0-0: Ball
1-0: Fly out, F9 (Flyball, 9LM, EV 98.1 MPH)
Top of the 4th over - 0 runs, 0 hits, 0 errors, 0 left on base; San Diego 4 - St. Louis 0
BOTTOM OF THE 4TH
St. Louis Cardinals batting - Pitching for San Diego Padres : RHP German Marquez
Batting: SHB Ozzie Albies 0-0: Ball
1-0: Called Strike
1-1: Ball
2-1: Ground out U3 (Groundball, 3L, EV 84.4 MPH)
Batting: LHB Austin Meadows 0-0: Called Strike
0-1: Ball
1-1: SINGLE (Line Drive, 9LS, EV 98.8 MPH)
Batting: LHB Juan Soto 0-0: Ball
1-0: Foul Ball, location: 2F
1-1: Swinging Strike
1-2: Strikes out looking
Batting: LHB Matt Olson 0-0: Ball
1-0: Called Strike
1-1: Foul Ball, location: 2F
1-2: DOUBLE (Groundball, 5L, EV 103.8 MPH)
Austin Meadows to third
Runner from 3rd tries for Home, SAFE, no throw by LF
Batting: SHB Yasmani Grandal 0-0: Ball
1-0: Ball
2-0: Called Strike
2-1: Foul Ball, location: 2F
2-2: Ball
Wild Pitch!
Matt Olson to third
3-2: TRIPLE (Line Drive, 5D, EV 101.3 MPH)
Matt Olson scores
Batting: RHB Harrison Bader 0-0: Ground out 4-3 (Groundball, 4, EV 107.5 MPH)
Bottom of the 4th over - 2 runs, 3 hits, 0 errors, 1 left on base; San Diego 4 - St. Louis 2
TOP OF THE 5TH
San Diego Padres batting - Pitching for St. Louis Cardinals : RHP Peter Lambert
Batting: RHB Jose Iglesias 0-0: Ball
1-0: Fly out, F8 (Line Drive, 8LM, EV 101.3 MPH)
Batting: SHB Carlos Santana 0-0: Swinging Strike
0-1: Called Strike
0-2: Foul Ball, location: 2F
0-2: SINGLE (Flyball, 34D, EV 85.0 MPH)
Batting: RHB Lorenzo Cain 0-0: Ball
1-0: Foul Ball, location: 2F
1-1: SINGLE (Groundball, 34D, EV 103.1 MPH)
Carlos Santana to second
Batting: RHB Jose Altuve 0-0: Ball
1-0: Ball
2-0: Called Strike
2-1: Swinging Strike
2-2: Fly out, F7 (Flyball, 7D, EV 87.5 MPH)
Batting: SHB Victor Caratini 0-0: Ball
1-0: Ball
2-0: Called Strike
2-1: Fly out, F9 (Flyball, 9, EV 82.5 MPH)
Top of the 5th over - 0 runs, 2 hits, 0 errors, 2 left on base; San Diego 4 - St. Louis 2
BOTTOM OF THE 5TH
St. Louis Cardinals batting - Pitching for San Diego Padres : RHP German Marquez
Pitching: LHP Scott Alexander
Batting: RHB Luis Urias 0-0: Ball
1-0: Called Strike
1-1: Ball
2-1: Ground out 1-3 (Groundball, 15, EV 81.3 MPH)
Batting: RHB Yu Chang 0-0: Foul Ball, location: 2F
0-1: Swinging Strike
0-2: Strikes out swinging
Batting: RHB Peter Lambert 0-0: Ball
1-0: Ball
2-0: Called Strike
2-1: Foul Ball, location: 2F
2-2: Foul Ball, location: 2F
2-2: Foul Ball, location: 2F
2-2: Ball
3-2: Foul Ball, location: 2F
3-2: Foul Ball, location: 2F
3-2: Foul Ball, location: 2F
3-2: Foul Ball, location: 2F
3-2: Ground out 5-3 (Groundball, 56S, EV 67.5 MPH)
Bottom of the 5th over - 0 runs, 0 hits, 0 errors, 0 left on base; San Diego 4 - St. Louis 2
TOP OF THE 6TH
San Diego Padres batting - Pitching for St. Louis Cardinals : RHP Peter Lambert
Batting: SHB Johan Camargo 0-0: Called Strike
0-1: Ball
1-1: SINGLE (Line Drive, 9LS, EV 93.8 MPH)
Pitching: LHP Brad Wieck
Batting: RHB Adam Duvall 0-0: Ball
1-0: Foul Ball, location: 2F
1-1: Ball
2-1: Ball
3-1: SINGLE (Groundball, 56D, EV 109.4 MPH)
Johan Camargo to second
Batting: LHB Brian Goodwin 0-0: Called Strike
0-1: Called Strike
0-2: Ball
Passed Ball!
Johan Camargo to third
Adam Duvall to second
1-2: Foul Ball, location: 2F
1-2: Strikes out swinging
Pinch Hitting: RHB Hunter Renfroe 0-0: Ball
1-0: Called Strike
1-1: Ball
2-1: Ground out 6-3 (Groundball, 6, EV 83.1 MPH)
Johan Camargo scores
Batting: RHB Jose Iglesias 0-0: Ball
1-0: Called Strike
1-1: Ball
2-1: Foul Ball, location: 2F
2-2: Ground out 5-3 (Groundball, 5, EV 86.3 MPH)
Top of the 6th over - 1 run, 2 hits, 0 errors, 1 left on base; San Diego 5 - St. Louis 2
BOTTOM OF THE 6TH
St. Louis Cardinals batting - Pitching for San Diego Padres : LHP Scott Alexander
Pitching: RHP Cam Bedrosian
Batting: SHB Ozzie Albies 0-0: Foul Ball, location: 2F
0-1: Ball
1-1: Called Strike
1-2: Ball
2-2: Strikes out swinging
Batting: LHB Austin Meadows 0-0: Called Strike
0-1: Foul Ball, location: 2F
0-2: Ball
1-2: Foul Ball, location: 2F
1-2: Fly out, F9 (Flyball, 89D, EV 99.4 MPH)
Batting: LHB Juan Soto 0-0: Foul Ball, location: 2F
0-1: Ball
1-1: Foul Ball, location: 2F
1-2: Ball
2-2: Foul Ball, location: 2F
2-2: Ball
3-2: Foul Ball, location: 2F
3-2: Base on Balls
Batting: LHB Matt Olson 0-0: Foul Ball, location: 2F
0-1: Ball
1-1: Ball
2-1: DOUBLE (Line Drive, 7LS, EV 93.1 MPH)
Juan Soto to third
Runner from 3rd tries for Home, SAFE, throw by LF to home
Batting: SHB Yasmani Grandal 0-0: Called Strike
0-1: Ball
1-1: Ball
2-1: Ball
3-1: Foul Ball, location: 2F
3-2: Base on Balls
Batting: RHB Harrison Bader 0-0: Ball
1-0: Called Strike
1-1: Ball
2-1: Foul Ball, location: 2F
2-2: Fielders Choice at 2nd, 5-4 (Groundball, 5, EV 85.6 MPH)
Bottom of the 6th over - 1 run, 1 hit, 0 errors, 2 left on base; San Diego 5 - St. Louis 3
TOP OF THE 7TH
San Diego Padres batting - Pitching for St. Louis Cardinals : LHP Brad Wieck
Pitching: RHP Erick Fedde
Batting: SHB Carlos Santana 0-0: Called Strike
0-1: Foul Ball, location: 2F
0-2: Ball
1-2: Ball
2-2: Ball
3-2: Ground out 4-3 (Groundball, 4, EV 98.8 MPH)
Pinch Hitting: LHB Mike Yastrzemski 0-0: Foul Ball, location: 2F
0-1: Ball
1-1: Called Strike
1-2: Ball
2-2: Strikes out swinging
Pinch Hitting: RHB Christian Arroyo 0-0: Called Strike
0-1: Foul Ball, location: 2F
0-2: Strikes out looking
Top of the 7th over - 0 runs, 0 hits, 0 errors, 0 left on base; San Diego 5 - St. Louis 3
BOTTOM OF THE 7TH
St. Louis Cardinals batting - Pitching for San Diego Padres : RHP Cam Bedrosian
Pitching: RHP Archie Bradley
Now at 2B: Christian Arroyo
Now in RF: Mike Yastrzemski
Batting: RHB Luis Urias 0-0: Ball
1-0: Ball
2-0: Ball
3-0: Called Strike
3-1: Called Strike
3-2: Base on Balls
Batting: RHB Yu Chang 0-0: Foul Ball, location: 2F
0-1: Ball
1-1: Swinging Strike
1-2: Strikes out swinging
Pinch Hitting: RHB Jose Alberto Martinez 0-0: Called Strike
0-1: Ball
1-1: Swinging Strike
1-2: Ball
2-2: Fielders Choice at 2nd, 1-6 (Groundball, 23, EV 80.0 MPH)
Pinch Hitting: RHB Brendan Rodgers 0-0: Ball
1-0: SINGLE (Groundball, 6D, EV 99.4 MPH)
Jose Alberto Martinez to second
Pinch Hitting: LHB Brett Phillips 0-0: Called Strike
0-1: Ball
1-1: Ball
2-1: Called Strike
2-2: Ground out 4-3 (Groundball, 4MD, EV 107.5 MPH)
Bottom of the 7th over - 0 runs, 1 hit, 0 errors, 2 left on base; San Diego 5 - St. Louis 3
TOP OF THE 8TH
San Diego Padres batting - Pitching for St. Louis Cardinals : RHP Erick Fedde
Pitching: RHP Jesse Scholtens
Now at 2B: Brendan Rodgers
Now in RF: Brett Phillips
Batting: SHB Victor Caratini 0-0: Ball
1-0: Ball
2-0: Foul Ball, location: 2F
2-1: Called Strike
2-2: Strikes out looking
Pinch Hitting: RHB Josh Donaldson 0-0: Ball
1-0: Ball
2-0: Ball
3-0: Base on Balls
Batting: RHB Adam Duvall 0-0: Called Strike
0-1: Grounds into double play, 6-4-3 (Groundball, 6, EV 107.5 MPH)
Top of the 8th over - 0 runs, 0 hits, 0 errors, 0 left on base; San Diego 5 - St. Louis 3
BOTTOM OF THE 8TH
St. Louis Cardinals batting - Pitching for San Diego Padres : RHP Archie Bradley
Pitching: LHP A.J. Minter
Now at 3B: Josh Donaldson
Pinch Hitting: RHB Taylor Ward 0-0: Called Strike
0-1: Swinging Strike
0-2: Fly out, F7 (Line Drive, 7, EV 95.0 MPH)
Pinch Hitting: RHB Hernan Perez 0-0: Ball
1-0: Swinging Strike
1-1: Foul Ball, location: 2F
1-2: Ball
2-2: Ground out 6-3 (Groundball, 6M, EV 86.3 MPH)
Batting: SHB Yasmani Grandal 0-0: Swinging Strike
0-1: Called Strike
0-2: Strikes out swinging
Bottom of the 8th over - 0 runs, 0 hits, 0 errors, 0 left on base; San Diego 5 - St. Louis 3
TOP OF THE 9TH
San Diego Padres batting - Pitching for St. Louis Cardinals : RHP Jesse Scholtens
Now at 1B: Hernan Perez
Now in LF: Taylor Ward
Batting: LHB Brian Goodwin 0-0: Ball
1-0: Foul Ball, location: 2F
1-1: Ball
2-1: Called Strike
2-2: Ball
3-2: Strikes out swinging
Pinch Hitting: RHB Amed Rosario 0-0: Fly out, F9 (Flyball, 9, EV 90.6 MPH)
Batting: RHB Jose Iglesias 0-0: Foul Ball, location: 2F
0-1: Ball
1-1: Fly out, F4 (Flyball, 34D, EV 82.5 MPH)
Top of the 9th over - 0 runs, 0 hits, 0 errors, 0 left on base; San Diego 5 - St. Louis 3
BOTTOM OF THE 9TH
St. Louis Cardinals batting - Pitching for San Diego Padres : LHP A.J. Minter
Pitching: RHP Jose Leclerc
Pinch Hitting: RHB Nick Senzel 0-0: Ball
1-0: Ball
2-0: Ball
3-0: Base on Balls
Pinch Hitting: SHB Cole Tucker 0-0: Called Strike
0-1: Foul Ball, location: 2F
0-2: Fly out, F7 (Flyball, 78D, EV 99.4 MPH)
Pinch Hitting: RHB Alex Bregman 0-0: Called Strike
0-1: Swinging Strike
0-2: Strikes out looking
Pinch Hitting: RHB Yan Gomes 0-0: Ball
1-0: Called Strike
1-1: Foul Ball, location: 2F
1-2: Ball
2-2: Strikes out swinging
Bottom of the 9th over - 0 runs, 0 hits, 0 errors, 1 left on base; San Diego 5 - St. Louis 3
Wednesday, May 6th, 2020 - OOTP Baseball 21.3 Build 48